Map: Zen LE

Players

AJHammock

  • Race: Zerg Zerg
  • Spawn Location: 1:00

ViBE - Winner!

  • Race: Terran Terran
  • League: Gold
  • Spawn Location: 7:00

VOD

Have the link to the VOD?

Description

Time

  • Played on: Dec. 7, 2019, 6:18 p.m.
  • Length: 17:51
Show
View Real Time Build Order
Export as new Build Order

AJHammock Zerg 

Build Orders: Hatch First 

Get SALT Encoding   

  12  0:02  Drone  
  13  0:14  Overlord  
  13  0:27  Drone  
  14  0:40  Drone x3  
  17  0:53  Drone  
  18  1:03  Drone  
  19  1:05  Hatchery  
  18  1:13  Drone  
  19  1:24  Extractor  
  19  1:25  Drone  
  19  1:26  Spawning Pool  
  18  1:42  Drone  
  19  2:13  Queen  
  19  2:15  Drone  
  22  2:16  Overlord  
  22  2:17  Overlord  
  22  2:19  Overlord  
  22  2:34  Drone x2  
  24  2:40  Drone x2  
  26  2:49  Drone  
  29  2:57  Drone  
  30  3:02  Drone  
  30  3:03  Drone  
  30  3:17  Queen  
  30  3:19  Lair  
  32  3:25  Drone  
  32  3:26  Drone x6  
  39  3:34  Drone  
  39  3:35  Drone  
  39  3:37  Hatchery  
  40  3:44  Drone  
  41  3:54  Extractor  
  40  3:57  Extractor  
  40  3:59  Extractor  
  40  4:02  Drone  
  39  4:05  Drone  
  39  4:06  Drone x4  
  39  4:07  Drone  
  45  4:28  Drone  
  45  4:29  Drone x3  
  49  4:43  Roach Warren  
  49  4:44  Overlord x2  
  48  4:45  Overlord  
  48  4:47  Overlord x2  
  48  4:54  Drone  
  48  4:55  Drone x2  
  48  4:57  Drone  
  52  5:06  Drone x2  
  54  5:08  Evolution Chamber  
  54  5:09  Evolution Chamber  
  54  5:10  Extractor  
  54  5:11  Extractor  
  50  5:15  Drone  
  50  5:17  Drone  
  52  5:26  Drone x4  
  52  5:27  Glial Reconstitution, Drone x2  
  58  5:37  Drone x2  
  58  5:41  Overseer  
  60  5:44  Drone x2  
  62  5:55  Drone x2  
  64  5:58  Drone  
  64  5:59  Drone  
  64  6:01  Drone  
  64  6:03  Drone  
  68  6:11  Queen  
  68  6:14  Roach x2  
  68  6:16  Queen  
  68  6:18  Queen  
  78  6:21  Roach x3  
  84  6:45  Roach x2  
  84  6:46  Roach  
  90  6:47  Overlord x2  
  90  6:48  Overlord x2  
  90  6:49  Overlord  
  90  6:54  Zerg Ground Armor Level 1, Zerg Missile Weapons Level 1  
  90  7:27  Drone x3  
  90  7:29  Roach  
  97  7:30  Roach x10  
  97  7:32  Roach  
  97  7:33  Roach x2  
  121  7:38  Roach  
  121  7:39  Roach x3  
  121  7:44  Overlord x5  
  129  7:56  Ravager  
  130  7:58  Overlord  
  130  7:59  Overlord x2  
  130  8:03  Hatchery  
  130  8:05  Extractor  
  128  8:08  Extractor  
  127  8:21  Infestation Pit  
  127  8:23  Roach  
  127  8:24  Roach x8  
  127  8:26  Ravager x4  
  127  8:27  Ravager x15  
  155  8:29  Overlord  
  155  8:30  Overlord  
  163  8:45  Roach x8  
  179  8:52  Ravager  
  179  8:53  Ravager x10  
  179  8:54  Ravager  
  179  8:55  Roach  
  193  8:57  Roach  
  193  9:01  Drone  
  196  9:03  Drone x2  
  196  9:04  Drone  
  196  9:05  Drone  
  195  10:02  Overlord  
  195  10:03  Overlord  
  124  10:26  Roach x9  
  124  10:27  Roach x17  
  142  10:34  Zerg Ground Armor Level 2  
  142  10:35  Zerg Missile Weapons Level 2  
  130  10:42  Drone  
  131  10:43  Roach  
  131  10:44  Roach x2  
  137  11:00  Roach x8  
  137  11:01  Ravager  
  137  11:02  Ravager x14  
  168  11:11  Pathogen Glands  
  168  11:32  Hatchery, Extractor, Infestor x2  
  166  11:33  Infestor  
  166  11:38  Infestor  
  174  11:40  Extractor  
  174  11:43  Zergling x10  
  174  11:44  Zergling x14  
  174  11:45  Metabolic Boost  
  185  11:48  Hive  
  178  12:37  Unknown  
  178  12:38  Hatchery  
  68  13:16  Roach x12  
  68  13:17  Roach x15  
  113  13:27  Roach  
  113  13:28  Roach x2  
  96  13:42  Roach  
  96  13:43  Roach x2  
  78  13:55  Roach  
  63  13:56  Roach x6  
  63  13:58  Ravager  
  70  14:10  Zerg Ground Armor Level 3, Zerg Missile Weapons Level 3  
  70  14:12  Roach  
  70  14:13  Roach x3, Ultralisk Cavern  
  70  14:16  Ravager x3  
  80  14:20  Ravager  
  80  14:21  Ravager x3  
  80  14:23  Roach x7  
  98  14:29  Overlord  
  98  14:33  Roach  
  100  14:39  Ravager  
  100  14:40  Ravager x4  
  100  14:42  Ravager  
  100  14:45  Roach  
  108  14:47  Zergling x2  
  108  14:49  Zergling x2  
  108  14:50  Zergling x10  
  115  15:05  Chitinous Plating  
  115  15:13  Ultralisk  
  83  15:34  Ultralisk  
  58  15:36  Zergling x12  
  58  15:37  Zergling x8  
  67  15:47  Zergling x2  
  67  15:48  Ultralisk  
  64  15:55  Zergling x4  
  64  15:56  Zergling x4  
  65  15:57  Zergling x2  
  65  15:59  Zergling x2  
  63  16:13  Ultralisk  
  63  16:14  Zergling x4  
  57  16:26  Zergling x2  
  57  16:27  Zergling x10  
  63  16:47  Zergling x2  
  64  16:48  Ultralisk  
  64  16:49  Zergling x12  
  68  17:12  Hatchery  
  63  17:18  Zergling x2  
  63  17:19  Zergling x14  
  63  17:21  Hatchery  
  62  17:31  Hatchery  
Show
View Real Time Build Order
Export as new Build Order

ViBE Terran - Winner!

Build Orders: 2 Factory, Mech 

Get SALT Encoding   

  12  0:01  SCV  
  13  0:13  SCV  
  14  0:20  Supply Depot  
  14  0:25  SCV  
  15  0:42  SCV  
  16  0:44  Barracks  
  16  0:47  Refinery  
  16  0:54  SCV  
  17  1:06  SCV  
  18  1:18  SCV  
  19  1:31  Orbital Command  
  19  1:42  Command Center  
  19  1:54  Factory  
  19  1:58  SCV  
  20  2:10  SCV, Barracks Tech Lab  
  21  2:16  Refinery  
  21  2:19  Supply Depot  
  21  2:22  SCV  
  22  2:34  SCV  
  23  2:46  Siege Tank, SCV  
  27  2:51  Supply Depot  
  27  2:53  Orbital Command  
  28  2:58  SCV  
  28  3:06  Supply Depot  
  28  3:10  SCV  
  29  3:18  Factory  
  29  3:23  SCV x2  
  31  3:29  Siege Tank  
  34  3:35  SCV x2  
  34  3:36  Barracks Reactor  
  36  3:47  SCV x2  
  38  3:54  Armory  
  38  3:59  SCV x2  
  38  4:02  Engineering Bay  
  40  4:11  SCV x2  
  40  4:15  Command Center  
  42  4:17  Supply Depot  
  42  4:23  SCV x2  
  44  4:30  Hellion x2  
  48  4:33  Missile Turret  
  48  4:35  SCV x2  
  50  4:38  Missile Turret  
  50  4:45  Supply Depot  
  50  4:47  SCV x2  
  50  4:49  Thor  
  58  4:59  SCV x2  
  60  5:01  Refinery x2  
  60  5:07  Supply Depot  
  60  5:11  SCV  
  60  5:12  Hellion, SCV  
  60  5:13  Hellion  
  66  5:15  Terran Vehicle Weapons Level 1  
  66  5:23  SCV  
  66  5:24  SCV  
  66  5:28  Orbital Command  
  68  5:29  Armory  
  68  5:31  Supply Depot  
  68  5:35  Hellion x2  
  72  5:36  SCV x2  
  72  5:40  Thor  
  80  5:48  SCV x2  
  82  5:53  Orbital Command  
  82  6:00  Command Center, SCV x2  
  82  6:03  Hellion  
  82  6:04  Hellion  
  88  6:12  SCV x2  
  88  6:13  Supply Depot  
  90  6:19  SCV  
  90  6:24  SCV x2  
  93  6:29  Thor, Hellion  
  93  6:30  Hellion  
  93  6:31  SCV, Terran Vehicle And Ship Armor Level 1  
  104  6:36  SCV x2  
  106  6:40  Refinery x2  
  106  6:42  Supply Depot  
  106  6:43  SCV  
  107  6:48  SCV  
  107  6:49  SCV  
  109  6:55  SCV  
  109  6:57  Factory  
  109  7:00  Factory x2  
  109  7:01  SCV x2  
  112  7:02  Factory  
  112  7:08  Hellion x2, SCV, Supply Depot  
  117  7:11  Thor  
  117  7:13  SCV x2  
  125  7:20  SCV  
  125  7:21  Command Center  
  126  7:25  SCV x2  
  128  7:30  Supply Depot  
  128  7:32  SCV  
  129  7:37  SCV x2  
  129  7:44  Factory Reactor, SCV, Factory Tech Lab x2  
  132  7:45  Factory Tech Lab  
  132  7:49  Hellion x2  
  132  7:51  SCV x2  
  138  7:54  Thor  
  138  7:56  SCV  
  145  7:58  Supply Depot  
  145  8:02  Thor  
  151  8:13  Thor x2  
  151  8:14  SCV x2  
  151  8:15  SCV  
  151  8:18  Refinery, Planetary Fortress  
  151  8:19  Refinery  
  166  8:20  Missile Turret  
  166  8:22  Supply Depot  
  166  8:33  Hellion x4  
  174  8:37  Thor  
  174  8:38  Command Center  
  174  8:40  Terran Vehicle Weapons Level 2  
  180  9:06  Thor x2  
  180  9:07  Hellion x2  
  180  9:08  Hellion x2  
  200  9:13  Neosteel Armor  
  200  9:18  Smart Servos  
  200  9:20  Infernal Pre-Igniter  
  184  10:14  Thor x3  
  184  10:16  Hellion x2  
  184  10:17  Hellion  
  184  10:18  Hellion  
  171  10:21  Factory  
  171  10:22  Factory  
  171  10:24  Thor, Factory  
  171  10:26  Factory x2  
  148  10:34  Planetary Fortress  
  148  10:37  Hellion  
  148  10:38  Hellion  
  152  10:48  Refinery  
  152  10:53  Refinery, Hi-Sec Auto Tracking  
  152  10:57  Terran Vehicle And Ship Armor Level 2, Terran Vehicle Weapons Level 3  
  152  11:04  Thor  
  158  11:06  Factory Reactor  
  158  11:07  Factory Reactor  
  158  11:09  Factory Tech Lab x2  
  158  11:10  Factory Tech Lab  
  158  11:12  Hellion x7  
  158  11:14  SCV  
  173  11:23  Command Center  
  173  11:33  Hellion, Factory x2  
  173  11:34  Hellion x2, Factory  
  173  11:37  Thor  
  173  11:38  Thor  
  191  11:46  Sensor Tower  
  191  11:54  Sensor Tower x2  
  191  11:59  Thor  
  197  12:04  Sensor Tower  
  197  12:07  SCV, Hellion  
  200  12:33  Factory Reactor  
  200  12:34  Factory Tech Lab x2  
  200  12:39  Command Center  
  200  12:44  Factory x2  
  200  12:46  Factory  
  200  12:50  Factory  
  200  12:57  Thor  
  198  13:00  Thor  
  198  13:01  Thor  
  198  13:02  Hellion  
  198  13:03  Hellion  
  194  13:07  Thor  
  194  13:08  Thor  
  194  13:09  Thor  
  194  13:13  Thor  
  194  13:17  Planetary Fortress  
  200  13:23  Terran Vehicle And Ship Armor Level 3  
  200  13:40  Factory Tech Lab x2  
  200  13:41  Factory Reactor x2  
  194  13:43  Thor  
  188  13:55  Command Center  
  188  13:59  Refinery  
  188  14:01  Refinery  
  188  14:36  Thor  
  188  14:37  Thor  
  200  14:44  Factory  
  200  14:47  Factory  
  200  14:53  Factory  
  200  14:54  Factory  
  200  15:01  Factory  
  200  15:02  Factory  
  170  15:31  Orbital Command  
  164  15:39  Planetary Fortress  
  164  15:42  Command Center  
  164  15:52  Sensor Tower  
  86  16:49  Factory Tech Lab  
  86  16:50  Factory Tech Lab x4  
  86  16:51  Factory Reactor  
  86  16:55  Orbital Command  
  86  16:57  Thor x6  
  86  16:58  Thor x5  
  86  16:59  Hellion x6  
  86  17:00  Hellion x6  
  86  17:01  Command Center, Hellion x2  
  180  17:11  Hellion  
Tags
 
Composition
Mech
League
Gold
Matchup
TvZ
Spawn Locations
Cross Positions
Add a new tag
Caveats
  • Supply blocks, unpowered buildings, or Contaminate may cause inaccurate times.
  • Supply counts are checked every 10 seconds.